 Dungeon Crawl Stone Soup version 0.25-a0-290-g4a1327ee3a (webtiles) character file.

Game seed: 7223582894078079387, levelgen mode: deterministic

224 MisterFreud the Changer (level 5, -7/40 HPs)
             Began as a Draconian Transmuter on Dec 13, 2019.
             Was an Initiate of Wu Jian.
             Mangled by a gnoll
             ... wielding a +0 halberd
              (8 damage)
             ... on level 4 of the Dungeon.
             The game lasted 00:05:54 (2725 turns).

MisterFreud the Changer (Draconian Transmuter)      Turns: 2725, Time: 00:05:55

Health: -7/40      AC:  2    Str: 12    XL:     5   Next: 67%
Magic:  3/9        EV: 19    Int: 14    God:    Wu Jian [......]
Gold:   121        SH:  0    Dex: 17    Spells: 4/10 levels left

rFire    . . .     SeeInvis +     - Unarmed
rCold    . . .     Gourm    +   (shield currently unavailable)
rNeg     . . .     Faith    .   (armour unavailable)
rPois    x         Spirit   .   (helmet currently unavailable)
rElec    .         Reflect  .   (cloak currently unavailable)
rCorr    .         Harm     .   (gloves currently unavailable)
MR       .....                  (boots currently unavailable)
Stlth    ++........             l - amulet of the gourmand
HPRegen  0.13/turn              h - ring of flight (curse)
MPRegen  0.11/turn              g - ring of see invisible

@: spider-form (expiring), very slightly contaminated
A: tiny, unfitting armour, AC +5
a: End Transformation, Renounce Religion, Evoke Flight


You were on level 4 of the Dungeon.
You worshipped Wu Jian.
Wu Jian was noncommittal.
You were not hungry.
You were a venomous arachnid creature.
You visited 2 branches of the dungeon, and saw 5 of its levels.

You collected 121 gold pieces.

Inventory:

Missiles
 a - 22 arrows
 f - 2 throwing nets (quivered)
Jewellery
 g - a ring of see invisible (right front leg)
 h - a cursed ring of flight (left front leg)
 l - an amulet of the gourmand (around neck)
Scrolls
 d - a scroll of teleportation {unknown}
 i - 2 scrolls of amnesia {unknown}
 j - a scroll of fear {unknown}
 k - 2 scrolls of remove curse {unknown}
 n - 4 scrolls of identify {unknown}
 o - a scroll of blinking {unknown}
 p - a scroll of immolation {unknown}
 q - a scroll of fog {unknown}
Potions
 b - a potion of curing {unknown}
 e - a potion of cancellation {unknown}
 m - a potion of agility {unknown}
Comestibles
 c - 5 rations


   Skills:
 - Level 1.1 Fighting
 - Level 1.7 Dodging
 - Level 3.0 Unarmed Combat
 - Level 3.0 Spellcasting
 * Level 5.4 Transmutations


You had 4 spell levels left.
You knew the following spells:

 Your Spells              Type           Power        Failure   Level  Hunger
a - Beastly Appendage     Tmut           ###...       9%          1    #......
b - Sticks to Snakes      Tmut           ###.....     12%         2    ##.....
c - Spider Form           Tmut/Pois      #.........   43%         3    ###....

Your spell library contained the following spells:

 Spells                   Type           Power        Failure   Level  Hunger
 Ice Form                 Ice/Tmut       #.......     77%         4    #####..
 Blade Hands              Tmut           ###.......   75%         5    ######.


Dungeon Overview and Level Annotations

Branches:
Dungeon (4/15)             Temple (1/1) D:4

Altars:
Cheibriados
Elyvilon
Fedhas
Makhleb
Okawaru
Trog
Vehumet
Wu Jian
Xom
Yredelemnul


Innate Abilities, Weirdness & Mutations

((Your plain brown scales are hard. (AC +5)))
You cannot fit into any form of body armour.
((You are cold-blooded and may be slowed by cold attacks.))


Message History

The gnoll is heavily wounded.
The gnoll hits you. The gnoll misses you.
Things that are here:
a +0 whip; a gnoll corpse You kill the gnoll!
The Council accepts your kill.
You lunge at the gnoll.
You hit the gnoll.
The gnoll is poisoned.
The gnoll is heavily wounded.
The gnoll hits you with a +0 flail!
You hit the gnoll.
The gnoll looks as sick as possible!
The gnoll is severely wounded.
The gnoll hits you from afar with a +0 halberd!
* * * LOW HITPOINT WARNING * * *
The gnoll closely misses you.
You hit the gnoll.
The gnoll looks as sick as possible!
The gnoll is almost dead.
You kill the gnoll!
The Council accepts your kill.
The gnoll hits you from afar with a +0 halberd!
You die...

.#[##.#.##.####.......#)8.....8
...##.#.##.# ####.#..#...8.8.g
.#......# .. w....#..#.#....g.
.#......# # ..........###.###
...)....# #####.g### .#
..#.#.### #..# # #.#.#.# # #..#
#.#.#.# ##?######..# #.#.. .
#....s)g...# ..#.. .
#..######..# #.#... .... ...#
#.#... #### #.... #.# ##.###
#.# .# ..# ## ... ###


You could see a gnoll.

Vanquished Creatures
  An ogre (D:4)
  2 worker ants (D:4)
  3 gnolls (D:4)
  2 worms (D:2)
  3 dart slugs
  A giant cockroach (D:4)
  4 hobgoblins
  4 kobolds
  5 bats (D:2)
  A frilled lizard (D:3)
  A goblin (D:1)
  A leopard gecko skeleton (D:4)
  5 rats
33 creatures vanquished.

Vanquished Creatures (collateral kills)
  A worker ant (D:4)
  An adder (D:2)
2 creatures vanquished.

Grand Total: 35 creatures vanquished

Notes
Turn   | Place    | Note
-------+----------+-------------------------------------------
     0 | D:1      | MisterFreud the Draconian Transmuter began the quest for
                  | the Orb.
     0 | D:1      | Reached XP level 1. HP: 16/16 MP: 3/3
   630 | D:1      | Reached XP level 2. HP: 23/23 MP: 1/5
  1117 | D:2      | Reached skill level 3 in Transmutations
  1132 | D:2      | Reached XP level 3. HP: 9/28 MP: 6/6
  1378 | D:2      | Learned a level 2 spell: Sticks to Snakes
  1392 | D:2      | Learned a level 3 spell: Spider Form
  1681 | D:3      | You fall into a shaft and drop 1 floor!
  2033 | D:4      | Found a staircase to the Ecumenical Temple.
  2047 | D:4      | Reached XP level 4. HP: 28/35 MP: 4/8
  2054 | Temple   | Entered the Ecumenical Temple
  2247 | Temple   | Became a worshipper of the Wu Jian Council
  2274 | D:4      | Found a snail-covered altar of Cheibriados.
  2312 | D:4      | Reached skill level 4 in Transmutations
  2685 | D:4      | Noticed an ogre
  2693 | D:4      | Killed an ogre
  2693 | D:4      | Reached skill level 5 in Transmutations
  2693 | D:4      | Reached XP level 5. HP: 30/40 MP: 5/9
  2724 | D:4      | HP: 1/40 [gnoll/+0 halberd (16)]
  2725 | D:4      | Mangled by a gnoll

Levels and vault maps discovered:
D:1:      lightli_arrival_farm, layout_basic
D:2:      layout_basic, minmay_hedge_maze
D:3:      layout_basic, lemuel_crystal_altar, chequers_serial_rivers_large_a,
          uniq_natasha, uniq_grinder
D:4:      layout_loops_ring, overflow_temple_1_default, zin_statuary,
          minmay_temple_entry_ruins, first_ration, minmay_ogre_servants
Temple:   jpeg_temple_island

Skill      XL: |  1  2  3  4 |
---------------+-------------+-----
Transmutations | 3 5 |  5.4
Spellcasting   | 3 |  3.0
Fighting       | |  1.1
Dodging        | |  1.7
Unarmed Combat | |  3.0

Action                   |  1- 3 |  4- 6 || total
-------------------------+-------+-------++-------
Melee: Unarmed           |   111 |    26 ||   137
       Tailslap          |    10 |     3 ||    13
       Kick              |     6 |       ||     6
       Headbutt          |     3 |     1 ||     4
       Punch             |     1 |       ||     1
 Cast: Beastly Appendage |    12 |     1 ||    13
       Spider Form       |     2 |     2 ||     4
       Sticks to Snakes  |     1 |     1 ||     2
Invok: Lunge             |       |     4 ||     4
 Abil: End Transformatio |     2 |       ||     2
       Evoke Flight      |     1 |       ||     1
 Stab: Sleeping          |     2 |       ||     2
  Eat: Chunk             |     8 |     3 ||    11
Armor: Skin              |    31 |     3 ||    34
Dodge: Dodged            |    86 |    14 ||   100

Table legend:
 A = Non-vault XP
 B = Vault XP
 C = Vault XP percentage of total XP
 D = Non-vault monster count
 E = Vault monster count
 F = Vault count percentage of total count
                 A         B        C        D         E       F
            +---------+---------+-------+---------+---------+-------
      Total |     321 |       0 |   0.0 |      35 |       0 |   0.0
            +---------+---------+-------+---------+---------+-------
        D:1 |      15 |       0 |   0.0 |       7 |       0 |   0.0
        D:2 |      44 |       0 |   0.0 |      17 |       0 |   0.0
        D:3 |       2 |       0 |   0.0 |       2 |       0 |   0.0
        D:4 |     260 |       0 |   0.0 |       9 |       0 |   0.0
            +---------+---------+-------+---------+---------+-------
